 Dungeon Crawl Stone Soup version 0.27.1-33-g824d729ab1 (webtiles) character file.

Game seed: 5635467480232169612

93 unlimited1921 the Skirmisher (level 4, -4/24 HPs)
             Began as a Vine Stalker Fighter on Dec 30, 2021.
             Killed by divine providence
             ... invoked by an orc priest
              (12 damage)
             ... on level 2 of the Dungeon.
             The game lasted 00:05:39 (2256 turns).

unlimited1921 the Skirmisher (Vine Stalker Fighter) Turns: 2256, Time: 00:05:40

Health: -4/24      AC:  6    Str: 19    XL:     4   Next: 61%
Magic:  0/5        EV:  7    Int:  8    God:
Gold:   83         SH:  9    Dex: 14    Spells: 3/3 levels left

rFire    . . .     SeeInvis .   a - +0 long sword
rCold    . . .     Faith    .   c - +0 kite shield
rNeg     . . .     Spirit   +   b - +0 scale mail
rPois    .         Reflect  .   (no helmet)
rElec    .         Harm     .   f - scarf {repulsion}
rCorr    .         Rampage  .   (no gloves)
Will     .....                  (no boots)
Stlth    ..........             (no amulet)
HPRegen  1.08/turn              (no ring)
MPRegen  0.09/turn              (no ring)

@: repel missiles
A: fangs 2, regeneration 1, magic shield, antimagic bite, no potion heal 2
a: no special abilities


You were on level 2 of the Dungeon.
You visited 1 branch of the dungeon, and saw 2 of its levels.

You collected 83 gold pieces.

Inventory:

Hand Weapons
 a - a +0 long sword (weapon)
 g - a +4 short sword
Armour
 b - a +0 scale mail (worn)
 c - a +0 kite shield (worn)
 f - a scarf of repulsion (worn)
Jewellery
 i - an amulet of faith
Scrolls
 h - a scroll of identify {unknown}
 j - 2 scrolls of torment
Potions
 d - a potion of might
 e - a potion of lignification {unknown}


   Skills:
 * Level 3.5 Fighting
 + Level 2.4 Long Blades
 + Level 2.9 Armour
 + Level 0.3 Dodging
 + Level 0.2 Stealth
 + Level 3.1 Shields


You had 3 spell levels left.
You didn't know any spells.
Your spell library contained the following spells:

 Spells                   Type           Power      Damage    Failure   Level
 Sandblast                Erth           0%         2d4       99%         1
 Passwall                 Tmut/Erth      0%         N/A       100%        2
 Lee's Rapid Deconstruct  Erth           0%         3d5*      100%        5


Dungeon Overview and Level Annotations

Branches:
Dungeon (2/15)

Altars:

Shops:
D:1 =

Annotations:
D:2 Sigmund


Innate Abilities, Weirdness & Mutations

You have extremely sharp teeth.
Your natural rate of healing is unusually fast.
When hurt, damage is shared between your health and your magic reserves.
Your bite disrupts and absorbs the magic of your enemies.
Potions cannot restore your health.


Message History

You block the adder's attack.
The orc priest looks braver for a moment.
The adder bites you but does no damage. You block the adder's attack.
You block the adder's attack.
You miss the adder.
The adder is severely wounded.
The adder bites you. You block the adder's attack.
You block the adder's attack.
You closely miss the adder. Your bite misses the adder.
The adder is severely wounded.
You block the adder's attack. The adder bites you.
You miss the adder. You bite the adder. You drain its power.
You feel invigorated.
The adder is severely wounded.
You block the adder's attack. x2
You closely miss the adder. Your bite misses the adder.
The adder is severely wounded.
The adder bites you but does no damage. x2
Your shield and scale mail prevent you from hitting the adder.
Your bite misses the adder.
The adder is severely wounded.
You block the adder's attack. The adder bites you.
You are poisoned.
The adder poisons you!
You miss the adder. You bite the adder.
You kill the adder!
You feel sick.
The orc priest mumbles some strange prayers to Beogh against you.
Beogh smites you! The orc hits you with a +0 hand axe.
* * * LOW HITPOINT WARNING * * *
You feel sick.
You feel sick.
You feel sick.
You feel sick.
You are no longer poisoned.
The orc priest mumbles some strange prayers to Beogh against you.
Beogh smites you!
Ouch! That really hurt!
You die...

#.......# #####.#.....#
##.....#.....### #
#..#########...#
###########[.#
###.########
....†....†..o###
#..........
############...####
#.......... ##.....##
#.......... ###o.@..#
#).........
##...###.####..†...@...
#..### #...............
#.## ######(.........
#. #<........... #.
#...††#.......... #.
#...#####..##.##### ..
#. #.# #...###.# ..##..
.# ##.### #.#


You could see an orc priest and an orc.

Vanquished Creatures
  Natasha (D:2)
  An adder (D:2)
  A worm (D:2)
  4 dart slugs
  An orc (D:2)
  4 bats
  4 endoplasms
  A giant cockroach (D:1)
  6 hobgoblins
  3 quokkas
  2 frilled lizards (D:1)
  9 goblins
  4 kobolds
  3 rats (D:1)
44 creatures vanquished.

Vanquished Creatures (others)
  A rat (D:2)
1 creature vanquished.

Grand Total: 45 creatures vanquished

Notes
Turn   | Place    | Note
-------+----------+-------------------------------------------
     0 | D:1      | unlimited1921 the Vine Stalker Fighter began the quest for
                  | the Orb.
     0 | D:1      | Reached XP level 1. HP: 11/11 MP: 2/2
   106 | D:1      | Reached XP level 2. HP: 16/16 MP: 3/3
   599 | D:1      | Reached XP level 3. HP: 20/20 MP: 4/4
   909 | D:1      | Found Plog's Jewellery Emporium.
  1163 | D:2      | Noticed Sigmund
  1163 | D:2      | Noticed Natasha
  2202 | D:2      | Gained mutation: Your natural rate of healing is unusually
                  | fast. [Vine Stalker growth]
  2202 | D:2      | Reached XP level 4. HP: 21/24 MP: 5/5
  2221 | D:2      | Killed Natasha
  2256 | D:2      | Killed from afar by an orc priest

Illustrated notes

Levels and vault maps discovered:
D:1:      matt_arrival_spirals, layout_loops_ring, serial_shops, shop,
          minivault_14, minmay_misc_feat_alley
D:2:      layout_rooms, uniq_natasha, uniq_sigmund

Skill      XL: |  1  2 |
---------------+-------+-----
Long Blades    | 2 |  2.4
Fighting       | 3 |  3.5
Shields        | 3 |  3.1
Armour         | |  2.9
Dodging        | |  0.3
Stealth        | |  0.2

Action                   |  1- 3 |  4- 6 || total
-------------------------+-------+-------++-------
Melee: Long sword        |    99 |    18 ||   117
       Bite              |    27 |     5 ||    32
  Use: Scroll            |     1 |       ||     1
Armor: Scale mail        |    38 |    11 ||    49
Dodge: Dodged            |    29 |     5 ||    34
       Repelled          |     1 |       ||     1
Block: Kite shield       |    53 |    17 ||    70
       Rpst.: Long sword |     6 |     1 ||     7
